Map: Port Aleksander LE

Players

JFANON

  • Race: Terran Terran
  • League: Silver
  • Spawn Location: 5:00

Throwfordays - Winner!

  • Race: Protoss Protoss
  • League: Silver
  • Spawn Location: 11:00

VOD

Have the link to the VOD?

Description

Time

  • Played on: May 14, 2019, 3:59 p.m.
  • Length: 17:40
Show
View Real Time Build Order
Export as new Build Order

JFANON Terran 

Build Orders: Liberator Opening 

Get SALT Encoding   

  12  0:01  SCV  
  13  0:16  Refinery  
  13  0:25  Supply Depot  
  13  0:27  SCV  
  14  0:39  SCV  
  15  0:49  Barracks  
  15  1:05  Barracks  
  15  1:11  Supply Depot  
  15  1:20  SCV  
  16  1:28  Refinery  
  16  1:46  Factory  
  16  1:48  SCV  
  17  1:59  Marine  
  18  2:02  SCV  
  19  2:14  SCV  
  20  2:25  Marine  
  20  2:28  SCV  
  22  2:34  Starport  
  22  2:39  Factory Tech Lab  
  22  2:42  SCV  
  23  2:50  Marine  
  24  3:00  Engineering Bay  
  24  3:01  SCV  
  25  3:12  Liberator  
  28  3:26  Marine  
  29  3:29  Supply Depot  
  29  3:32  Terran Infantry Weapons Level 1  
  29  3:42  Missile Turret  
  29  3:45  Barracks Reactor  
  29  3:48  Marine  
  30  4:02  Starport Reactor  
  30  4:07  Siege Tank  
  33  4:33  Orbital Command  
  33  4:36  Marine  
  33  4:37  Marine  
  35  4:45  Starport  
  35  4:53  Marine  
  36  5:01  Siege Tank  
  36  5:21  Command Center  
  36  5:27  Terran Infantry Armor Level 1  
  36  5:34  Supply Depot  
  36  5:40  Liberator  
  39  5:53  Missile Turret  
  39  5:56  Viking  
  41  6:10  Missile Turret  
  41  6:12  Marine  
  41  6:13  Marine  
  43  6:24  Siege Tank  
  46  6:30  Marine  
  47  6:33  Marine  
  48  6:48  Marine  
  48  6:51  Planetary Fortress  
  49  6:58  Marine  
  49  7:00  Bunker  
  50  7:04  SCV  
  51  7:16  SCV  
  48  8:02  Starport Tech Lab  
  48  8:04  Command Center  
  46  8:08  Starport  
  46  8:14  Fusion Core  
  46  8:19  Command Center  
  46  8:24  Neosteel Armor  
  46  8:28  SCV  
  47  8:45  Bunker  
  47  8:48  Starport Tech Lab  
  47  8:49  Supply Depot  
  47  9:10  Marine x3, SCV, Siege Tank  
  54  9:25  Bunker  
  54  9:31  Marine x2  
  54  9:32  Marine  
  57  9:49  Marine  
  58  9:55  Orbital Command  
  58  9:56  Bunker  
  58  10:04  Missile Turret  
  58  10:06  Bunker  
  58  10:07  Marine  
  59  10:37  Battlecruiser  
  65  10:44  Armory  
  65  10:49  SCV  
  66  10:58  Hi-Sec Auto Tracking  
  66  11:07  SCV  
  67  11:13  SCV, Missile Turret  
  68  11:20  Missile Turret  
  68  11:22  Orbital Command  
  68  11:25  SCV  
  68  11:28  Battlecruiser  
  75  11:39  Terran Ship Weapons Level 1  
  75  11:48  Battlecruiser  
  81  12:01  Refinery  
  81  12:03  SCV  
  81  12:05  Refinery  
  82  12:23  SCV  
  83  12:35  SCV  
  78  12:59  Missile Turret  
  78  13:10  Weapon Refit  
  78  13:18  Missile Turret  
  78  13:24  SCV  
  67  13:30  SCV  
  68  13:36  SCV  
  68  13:38  Missile Turret  
  69  13:42  SCV  
  69  13:47  Missile Turret  
  70  13:52  Battlecruiser  
  70  13:55  SCV  
  69  13:59  Missile Turret  
  69  14:00  Missile Turret  
  66  14:07  SCV  
  66  14:09  Missile Turret  
  59  14:10  Missile Turret  
  59  14:11  Missile Turret  
  44  14:17  Missile Turret  
  44  14:23  Marine x2  
  44  14:27  SCV  
  35  14:39  SCV  
  35  14:42  Missile Turret  
  35  14:43  Missile Turret  
  36  14:45  Command Center  
  11  15:21  Starport  
  11  15:24  Factory  
  8  15:36  Widow Mine  
  10  15:45  Missile Turret  
  8  15:58  Widow Mine  
  8  15:59  Starport  
  8  16:06  Viking  
  8  16:07  Missile Turret  
  10  16:12  Widow Mine  
  10  16:13  Refinery  
  12  16:19  Refinery  
  12  16:23  SCV  
  13  16:28  Missile Turret  
  13  16:35  SCV  
  13  16:36  Viking  
  13  16:37  Starport  
  14  16:47  SCV, Widow Mine  
  17  16:59  SCV  
  18  17:02  Refinery  
  18  17:06  Refinery, Viking  
  20  17:09  Widow Mine  
  20  17:11  SCV  
  22  17:15  Starport  
  22  17:18  SCV  
  23  17:23  SCV  
Show
View Real Time Build Order
Export as new Build Order

Throwfordays Protoss - Winner!

Build Orders: 1 Gate Expand 

Get SALT Encoding   

  12  0:01  Probe  
  13  0:18  Pylon, Probe  
  14  0:26  Probe  
  15  0:39  Gateway, Probe  
  16  0:51  Probe  
  16  0:52  Assimilator  
  17  1:07  Probe  
  18  1:15  Probe  
  18  1:23  Probe  
  20  1:41  Assimilator, Nexus  
  20  1:51  Cybernetics Core  
  20  2:12  Gateway  
  20  2:19  Probe  
  21  2:28  Warp Gate  
  21  2:29  Forge  
  21  2:31  Probe  
  21  2:35  Robotics Facility  
  22  2:43  Probe  
  23  2:48  Pylon  
  23  2:52  Adept  
  23  2:53  Probe  
  26  3:00  Pylon  
  26  3:04  Probe  
  27  3:09  Pylon  
  27  3:12  Probe  
  27  3:17  Probe  
  29  3:20  Probe  
  30  3:29  Probe  
  30  3:30  Observer  
  32  3:42  Pylon  
  32  3:45  Probe  
  32  3:47  Probe  
  34  3:52  Protoss Ground Weapons Level 1, Photon Cannon  
  34  3:54  Adept  
  36  3:57  Adept, Probe  
  36  3:59  Probe  
  40  4:12  Probe  
  40  4:14  Probe  
  42  4:23  Immortal  
  46  4:25  Probe  
  46  4:26  Probe  
  45  4:42  Stalker x2  
  44  5:14  Photon Cannon  
  44  5:17  Photon Cannon, Probe  
  44  5:20  Stalker  
  44  5:21  Stalker  
  49  5:25  Probe  
  49  5:28  Assimilator  
  50  5:29  Probe  
  50  5:30  Assimilator  
  51  5:37  Probe  
  51  5:41  Probe  
  53  5:52  Probe  
  54  6:00  Probe  
  54  6:02  Stalker  
  54  6:04  Stalker, Probe  
  60  6:06  Immortal  
  64  6:13  Probe  
  64  6:16  Probe  
  64  6:17  Protoss Ground Armor Level 1  
  66  6:21  Twilight Council  
  66  6:22  Stargate  
  66  6:25  Probe  
  67  7:13  Pylon  
  67  7:15  Pylon  
  67  7:16  Pylon  
  67  7:18  Pylon, Probe  
  67  7:20  Immortal  
  68  7:24  Stalker  
  69  7:45  Probe  
  69  7:51  Void Ray  
  74  7:55  Stalker x2  
  74  7:57  Probe  
  79  8:01  Blink  
  79  8:09  Probe  
  79  8:12  Probe  
  81  8:16  Nexus  
  81  8:19  Assimilator  
  81  8:20  Assimilator  
  81  8:21  Protoss Air Weapons Level 1  
  81  8:24  Pylon, Protoss Ground Weapons Level 2, Probe  
  82  8:27  Pylon, Immortal  
  86  8:42  Photon Cannon  
  86  8:45  Photon Cannon, Probe  
  86  8:48  Probe  
  88  8:57  Photon Cannon, Probe  
  88  8:59  Photon Cannon  
  88  9:00  Probe  
  88  9:01  Stalker x2  
  94  9:07  Void Ray  
  94  9:09  Probe  
  99  9:11  Robotics Bay  
  99  9:12  Probe  
  99  9:14  Robotics Facility  
  99  9:16  Robotics Facility  
  100  9:25  Probe x2  
  100  9:27  Probe  
  103  9:34  Probe  
  103  9:37  Probe  
  105  9:40  Probe  
  105  9:44  Probe  
  106  9:49  Probe  
  106  9:50  Void Ray  
  106  9:52  Probe  
  113  9:56  Probe  
  114  10:01  Probe  
  114  10:03  Colossus  
  121  10:08  Colossus, Extended Thermal Lance  
  121  10:13  Colossus  
  133  10:32  Pylon  
  133  10:35  Pylon  
  133  10:40  Pylon  
  133  10:42  Protoss Air Armor Level 1  
  133  10:43  Pylon  
  133  10:49  Void Ray  
  137  11:07  Protoss Ground Weapons Level 3  
  137  11:34  Resonating Glaives  
  137  11:44  Fleet Beacon  
  137  11:45  Stargate  
  137  11:47  Stargate  
  137  11:56  Stalker  
  137  11:57  Stalker  
  141  12:12  Nexus  
  141  12:18  Pylon  
  141  12:20  Assimilator  
  141  12:23  Assimilator  
  141  12:27  Pylon  
  140  12:37  Tempest x3  
  155  12:54  Probe  
  155  12:58  Probe  
  157  13:04  Probe  
  158  13:08  Stalker x2  
  158  13:10  Probe  
  162  13:16  Probe  
  159  13:22  Probe  
  160  13:29  Probe  
  161  13:34  Probe  
  161  13:39  Protoss Air Weapons Level 2  
  160  13:46  Probe  
  129  14:06  Protoss Ground Armor Level 2  
  95  15:18  Immortal  
  95  15:20  Immortal x2  
  95  15:21  Void Ray x3  
  107  15:23  Stalker x2  
  123  15:49  Stalker x2  
  127  16:04  Void Ray x3  
  127  16:05  Immortal x2  
  147  17:13  Probe  
  148  17:18  Probe  
  149  17:25  Probe  
Tags
 
Add a new tag
Caveats
  • Supply blocks, unpowered buildings, or Contaminate may cause inaccurate times.
  • Supply counts are checked every 10 seconds.